 Dungeon Crawl Stone Soup version 0.22.1-2-g9c5b331 (webtiles) character file.

145484 tsujin the Warrior (level 17, -1/176 HPs)
             Began as a Hill Orc Fighter on Nov 20, 2018.
             Was the Champion of Qazlal.
             Slain by a merfolk
             ... wielding a +0 trident
              (2 damage)
             ... on level 4 of the Shoals.
             The game lasted 02:52:32 (29280 turns).

tsujin the Warrior (Hill Orc Fighter)              Turns: 29280, Time: 02:52:34

Health: -1/176     AC: 27    Str: 26    XL:     17   Next: 42%
Magic:  13/20      EV:  5    Int: 13    God:    Qazlal [******]
Gold:   2412       SH:  0    Dex: 12    Spells: 16/16 levels left

rFire    + + +     SeeInvis +   P - +11 morningstar of Cagouc {drain, rF+ MR+}
rCold    + . .     Gourm    .   c - +0 shield
rNeg     . . .     Faith    .   h - +5 ring mail
rPois    .         Spirit   .   J - +2 helmet
rElec    .         Reflect  +   i - +2 cloak
rCorr    .         Harm     .   (no gloves)
MR       +++..                  N - +2 pair of boots {run}
Stlth    +.........             v - +2 amulet of reflection
HPRegen  0.39/turn              R - ring "Uriujionn" {*Contam rF++ MR+ SInv Stlth+}
MPRegen  0.17/turn              s - ring of the Many Dreams {+Blink rC+ Int+3 Slay+2}

@: protected from physical damage, very slightly contaminated, held, repel
missiles, quick
A: slimy green scales 1, agile 1, low mp 2, sense surroundings 1, robust 1,
strong 1
a: Upheaval, Elemental Force, Disaster Area, Renounce Religion, Evoke Blink


You were on level 4 of the Shoals.
You worshipped Qazlal.
Qazlal was exalted by your worship.
You were not hungry.

You visited 5 branches of the dungeon, and saw 28 of its levels.
You also visited: Labyrinth and Ice Cave.

You collected 2891 gold pieces.
You spent 479 gold pieces at shops.

Inventory:

Hand Weapons
 P - the +11 morningstar of Cagouc (weapon) {drain, rF+ MR+}
   (You found it on level 7 of the Dungeon)

   A truly terrible weapon, it drains the life of those it strikes.
   It protects you from fire.
   It affects your resistance to hostile enchantments.
 X - the +5 hunting sling "Mayrachi" {velocity, Int+4}
   (You found it on level 4 of the Lair of Beasts)

   Any stone fired from it inflicts extra damage.
   It affects your intelligence (+4).
Missiles
 o - 11 throwing nets
 V - 22 javelins of penetration (quivered)
Armour
 c - a +0 shield (worn)
 h - a +5 ring mail (worn)
 i - a +2 cloak (worn)
 J - a +2 helmet (worn)
 N - a +2 pair of boots of running (worn)
Jewellery
 n - an uncursed ring of protection from magic
 s - the ring of the Many Dreams (right hand) {+Blink rC+ Int+3 Slay+2}
   (You found it in an ice cave)

   [ring of protection from cold]

   It affects your intelligence (+3).
   It affects your accuracy and damage with ranged weapons and melee attacks
   (+2).
   It protects you from cold.
   It lets you blink.
 v - a +2 amulet of reflection (around neck)
 D - the amulet "Lufec" {RegenMP rF+ Int+4 Dex+2}
   (You bought it in a shop on level 1 of the Shoals)

   [amulet of magic regeneration]

   It increases your magic regeneration.
   It affects your intelligence (+4).
   It affects your dexterity (+2).
   It protects you from fire.
 G - the ring of Yjogeg {Str+4 Int+3}
   (You found it on level 6 of the Lair of Beasts)

   [ring of strength]

   It affects your strength (+4).
   It affects your intelligence (+3).
 R - the ring "Uriujionn" (left hand) {*Contam rF++ MR+ SInv Stlth+}
   (You found it on level 9 of the Dungeon)

   [ring of stealth]

   It greatly protects you from fire.
   It affects your resistance to hostile enchantments.
   It lets you see invisible.
   It causes magical contamination when unequipped.
   It makes you more stealthy.
 S - the amulet of the Magpie {RegenMP rPois Str+4 Int+5 Stlth-}
   (You took it off a minotaur in a labyrinth)

   [amulet of magic regeneration]

   It increases your magic regeneration.
   It affects your strength (+4).
   It affects your intelligence (+5).
   It protects you from poison.
   It makes you less stealthy.
Wands
 g - a wand of polymorph (36)
 k - a wand of enslavement (8)
 w - a wand of disintegration (16)
 z - a wand of digging (28)
 F - a wand of acid (27)
 Q - a wand of paralysis (25)
 U - a wand of iceblast (39)
 Z - a wand of flame (57)
Scrolls
 a - a scroll of brand weapon
 e - 6 scrolls of teleportation
 p - 3 scrolls of enchant armour
 q - 4 scrolls of fog
 t - a scroll of blinking
 u - 4 scrolls of identify
 A - 2 scrolls of magic mapping
 C - 14 scrolls of remove curse
 E - 3 scrolls of amnesia
 I - a scroll of summoning
 L - a scroll of silence
 O - 2 scrolls of fear
 W - 3 scrolls of enchant weapon
Potions
 d - 3 potions of might
 l - 3 potions of flight
 m - 2 potions of haste
 x - 10 potions of curing
 B - 4 potions of lignification
 H - 2 potions of berserk rage
 K - a potion of magic
 M - 3 potions of agility
 T - 3 potions of resistance
 Y - a potion of brilliance
Miscellaneous
 j - a sack of spiders
 r - a fan of gales
Comestibles
 f - 49 rations


   Skills:
 + Level 16.8 Fighting
   Level 12.7(17.3) Axes
 + Level 16.5(17.5) Maces & Flails
 + Level 7.6 Throwing
 + Level 9.3 Armour
 + Level 15.9 Shields
 + Level 0.3 Unarmed Combat
 * Level 10.7 Invocations
 + Level 2.1 Evocations


You had 16 spell levels left.
You didn't know any spells.
Your spell library contained the following spells:

 Spells                   Type           Power        Failure   Level  Hunger
 Beastly Appendage        Tmut           #.....       41%         1    ##.....
 Confusing Touch          Hex            #.....       41%         1    ##.....
 Infusion                 Chrm           #...         41%         1    ##.....
 Magic Dart               Conj           #...         41%         1    ##.....
 Blink                    Tloc           N/A          54%         2    ###....
 Call Imp                 Summ           #.......     54%         2    ###....
 Shroud of Golubria       Chrm/Tloc      #.........   54%         2    ###....
 Slow                     Hex            #.......     54%         2    ###....
 Song of Slaying          Chrm           #.......     54%         2    ###....
 Sticks to Snakes         Tmut           #.......     54%         2    ###....
 Conjure Flame            Conj/Fire      #.......     78%         3    ####...
 Mephitic Cloud           Conj/Pois/Air  #.......     78%         3    ####...
 Regeneration             Chrm/Necr      #.........   78%         3    ####...
 Spectral Weapon          Hex/Chrm       #.......     78%         3    ####...
 Spider Form              Tmut/Pois      #.........   78%         3    ####...
 Summon Guardian Golem    Hex/Summ       #.......     78%         3    ####...
 Ice Form                 Ice/Tmut       #.......     99%         4    #####..
 Blade Hands              Tmut           #.........   100%        5    ######.
 Metabolic Englaciation   Hex/Ice        #.........   100%        5    ######.


Dungeon Overview and Level Annotations

Branches:
Dungeon (15/15)            Temple (1/1) D:6            Lair (6/6) D:11
 Shoals (4/4) Lair:2        Snake (0/4) Lair:3        Slime (0/5) Lair:6
    Orc (2/2) D:10            Elf (0/3) Orc:2        Vaults (0/5) D:14
 Depths (0/5) D:15

Altars:
Ashenzari
Cheibriados
Dithmenos
Elyvilon
Fedhas
Gozag
Hepliaklqana
Kikubaaqudgha
Makhleb
Nemelex Xobeh
Okawaru
Qazlal
Ru
Sif Muna
Trog
Uskayaw
Vehumet
Wu Jian
Xom
Yredelemnul
Zin
The Shining One

Shops:
D:8 %:(*   D:9 *   D:10 ![?((   D:12 (*   Orc:1 (   Orc:2 !*(=   Shoals:1 =*(

Annotations:
D:7 Prince Ribbit
D:8 tele scroll, heal, FOOD SHOP
Lair:3 exclusion: oklob plant


Innate Abilities, Weirdness & Mutations

You are partially covered in slimy green scales. (AC +2)
You are agile. (Dex +2)
Your magical capacity is very low. (-20% MP)
You passively map a small area around you.
You are robust. (+10% HP)
Your muscles are strong. (Str +2)


Message History

The blast of rubble hits the snapping turtle.
The snapping turtle is moderately wounded.
The blast of rubble hits the merfolk.
The merfolk is heavily wounded.
The cutting wind hits the plant.
The plant is almost destroyed.
The cutting wind hits the plant.
The plant is almost destroyed.
The cutting wind hits the plant.
The plant is heavily damaged.
The cutting wind hits the plant.
You destroy the plant!
The plant is struck by lightning.
You destroy the plant!
The plant is struck by lightning.
The plant is engulfed in a cloud of scalding steam.
The wind drake bites you but does no damage.
The merfolk is struck by lightning.
The merfolk hits you from afar with a trident.
You die...

, ####≈≈.(.......≈ ≈ ,
,,≈≈§§≈≈≈≈.......# ,
≈§§≈≈≈≈≈≈........#### ,
≈≈≈≈≈≈≈≈≈≈...≈!..≈#≈≈≈ ≈
≈≈≈≈≈≈≈≈....≈....≈≈≈≈
≈≈≈≈≈§§§.§...≈...≈≈≈≈≈≈.
≈
≈≈≈≈≈≈.§.(.......≈≈≈≈≈≈.
≈
....≈.k@§.........≈≈.≈≈≈
*
##...§.§.m≈.......≈≈≈≈≈≈
**##..P.ttt≈m.....≈≈≈≈≈≈≈
#.(##.§..m(≈)...)≈≈≈≈≈≈≈
≈ ≈≈
*#.m§≈....).≈≈≈≈≈≈≈≈≈ , #
#.P§PP..)..≈≈≈≈≈≈≈≈≈ ≈
#.PP§P....≈(≈≈≈≈≈≈≈≈ * ,
, #.≈PPP§P.≈≈≈≈≈≈≈≈≈≈≈
#≈≈P≈P..((((≈≈≈≈≈≈≈≈≈


You could see an alligator snapping turtle, a merfolk aquamancer, 2 snapping
turtles, a wind drake, 2 merfolk and a merfolk siren.

Vanquished Creatures
  Agnes (D:15)
  Kirke (Lair:6)
  A frost giant (IceCv)
  A minotaur (Lab)
  A merfolk javelineer (Shoals:4)
  3 merfolk impalers
  Harold (Orc:1)
  3 hydras
  2 centaur warriors (D:14)
  3 merfolk avatars
  5 two-headed ogres
  A tengu warrior (D:15)
  2 alligators (D:13)
  7 death yaks
  Urug (D:10)
  3 orc high priests (Orc:2)
  Nergalle (Orc:1)
  9 skeletal warriors
  3 unseen horrors
  A golden dragon zombie (D:15)
  A flayed ghost (D:15)
  8 sea snakes
  The ghost of mistaj the Grappler, a novice TrMo (D:7)
  A necromancer (D:15)
  19 harpies
  10 ugly things
  2 deep elf magi
  An oklob plant (Lair:2)
  5 orc knights
  3 cyclopes
  A sphinx skeleton (D:15)
  3 orc sorcerers (Orc:2)
  7 fauns
  13 manticores
  5 elephants (Lair:5)
  Maurice (D:12)
  6 merfolk sirens
  An ice statue (IceCv)
  6 black mambas
  Psyche (D:8)
  22 spiny frogs
  7 water nymphs
  3 gargoyles (D:15)
  A yaktaur (D:15)
  2 demonic crawlers (D:13)
  A kobold demonologist (D:9)
  A rime drake (Lair:6)
  2 ice devils (Lair:5)
  4 komodo dragons
  12 trolls
  16 polar bears (IceCv)
  17 merfolk
  A queen bee (D:9)
  3 tyrant leeches (Lair:6)
  4 slime creatures (D:13)
  12 hippogriffs
  26 blink frogs
  6 wind drakes
  Grinder (D:4)
  An ice dragon zombie (D:15)
  9 dream sheep (Lair:5)
  10 snapping turtles
  5 wyverns
  A wraith (D:14)
  A spriggan skeleton (D:15)
  A water elemental (Shoals:1)
  3 shadows
  69 yaks
  4 basilisks
  5 hogs
  16 humans (D:14)
  2 fire bats (D:13)
  8 hungry ghosts
  A golden eye (shapeshifter) (D:15)
  13 vampire mosquitoes
  Menkaure (D:7)
  2 wargs
  4 porcupines
  14 water moccasins
  7 ice beasts
  3 sky beasts
  23 orc warriors
  4 phantoms
  An eye of draining (D:15)
  A black bear (D:8)
  11 ogres
  31 wolves
  10 centaurs
  13 crocodiles
  A big kobold (D:14)
  28 bullfrogs
  A wyvern zombie (D:14)
  2 scorpions
  2 vampire bats (D:13)
  26 killer bees
  2 electric eels (Lair:6)
  3 bullfrog zombies
  A centaur zombie (D:11)
  4 crimson imps
  A howler monkey (D:11)
  8 hounds
  18 jellies
  22 orc priests
  A bullfrog skeleton (D:10)
  3 centaur skeletons
  9 worker ants
  8 iguanas
  25 orc wizards
  A hound skeleton (D:6)
  A howler monkey zombie (D:8)
  17 gnolls
  2 river rats (D:4)
  26 adders
  2 shadow imps
  4 white imps (D:7)
  10 oozes
  An adder skeleton (D:9)
  2 adder zombies
  5 worms
  2 dart slugs
  7 leopard geckos
  101 orcs
  11 bats
  16 giant cockroaches
  8 goblins
  8 hobgoblins
  5 jackals (D:11)
  14 kobolds
  2 quokkas
  2 ball pythons (D:4)
  9 frilled lizards
  A jackal zombie (D:5)
  A leopard gecko skeleton (D:8)
  2 quokka skeletons
  15 rats
  4 plants (Shoals:4)
1004 creatures vanquished.

Vanquished Creatures (others)
  Nessos (D:14)
  A satyr (Shoals:2)
  A centaur warrior (D:15)
  An unseen horror (shapeshifter) (D:15)
  A vampire (D:15)
  A human (Lair:6)
  9 centaurs
  A jelly (Lair:6)
  An orc (Orc:2)
  28 fungi
  69 plants
  A withered plant (D:15)
115 creatures vanquished.

Grand Total: 1119 creatures vanquished

Notes
Turn   | Place    | Note
-------+----------+-------------------------------------------
     0 | D:1      | tsujin the Hill Orc Fighter began the quest for the Orb.
     0 | D:1      | Reached XP level 1. HP: 19/19 MP: 1/1
    70 | D:1      | Reached XP level 2. HP: 22/27 MP: 2/2
   445 | D:1      | Reached XP level 3. HP: 29/33 MP: 3/3
  1054 | D:2      | Found a sparkling altar of Nemelex Xobeh.
  1321 | D:2      | Reached XP level 4. HP: 33/40 MP: 4/4
  2479 | D:3      | Found a shattered altar of Ashenzari.
  2677 | D:3      | Reached skill level 1 in Throwing
  2677 | D:3      | Reached XP level 5. HP: 33/46 MP: 5/5
  3205 | D:4      | Noticed Grinder
  3211 | D:4      | Paralysed by Grinder for 7 turns
  3223 | D:4      | Killed Grinder
  3223 | D:4      | Reached skill level 5 in Axes
  3223 | D:4      | Reached XP level 6. HP: 53/53 MP: 6/6
  3315 | D:4      | Reached XP level 7. HP: 47/60 MP: 7/7
  3464 | D:4      | Reached skill level 5 in Fighting
  4573 | D:5      | Entered Level 5 of the Dungeon
  4577 | D:5      | Reached skill level 5 in Armour
  4577 | D:5      | Reached XP level 8. HP: 65/69 MP: 8/8
  4821 | D:5      | Reached skill level 5 in Shields
  6174 | D:6      | Identified the Compendium of Hexes
  6625 | D:6      | Found a staircase to the Ecumenical Temple.
  6635 | Temple   | Entered the Ecumenical Temple
  6815 | Temple   | Became a worshipper of Qazlal Stormbringer
  7334 | D:7      | Noticed Menkaure
  7350 | D:7      | Killed Menkaure
  7373 | D:7      | Reached XP level 9. HP: 75/75 MP: 9/9
  7513 | D:7      | You fall through a shaft for 3 floors!
  7513 | D:10     | Entered Level 10 of the Dungeon
  7562 | D:10     | Found a staircase to the Orcish Mines.
  7572 | D:10     | Noticed a troll
  7579 | D:10     | Killed a troll
  7646 | D:10     | Reached skill level 10 in Axes
  7656 | D:10     | Noticed an unseen horror
  7672 | D:10     | Killed an unseen horror
  7709 | D:10     | Reached skill level 5 in Throwing
  7770 | D:10     | Reached * piety under Qazlal
  7770 | D:10     | Reached XP level 10. HP: 66/86 MP: 10/10
  7818 | D:10     | Reached skill level 1 in Evocations
  7878 | D:10     | Found Rauxif's Distillery.
  8152 | D:9      | Found a hazy altar of Hepliaklqana.
  8152 | D:9      | Noticed a deep elf mage
  8152 | D:9      | Noticed a kobold demonologist
  8232 | D:8      | Found Pashrusu's Book Shoppe.
  8377 | D:8      | You fall through a shaft!
  8430 | D:8      | Noticed Psyche
  8453 | D:8      | Gained mutation: You are partially covered in slimy green
                  | scales. (AC +2) [potion of mutation]
  8453 | D:8      | Gained mutation: You evolve. [potion of mutation]
  8463 | D:8      | Killed Psyche
  8517 | D:8      | Reached ** piety under Qazlal
  8600 | D:8      | Found Neacidy's Assorted Antiques.
  8610 | D:8      | Bought a potion of heal wounds for 100 gold pieces
  8688 | D:8      | Found Ruapte's Antique Weapon Boutique.
  8723 | D:8      | Bought a glowing war axe for 169 gold pieces
  8844 | D:8      | Found Jam Fuz's Food Shop.
  8963 | D:8      | Gained mutation: You are robust. (+10% HP) [evolution]
  9114 | D:7      | Noticed Prince Ribbit
  9210 | D:7      | Found a runed gate.
  9210 | D:7      | Found a runed gate.
  9210 | D:7      | Found a runed gate.
  9210 | D:7      | Noticed mistaj's ghost (novice TrMo)
  9721 | D:7      | Got a brightly glowing morningstar
  9728 | D:7      | Identified the +11 morningstar of Cagouc {drain, rF+ MR+}
                  | (You found it on level 7 of the Dungeon)
  9807 | D:7      | Killed mistaj's ghost
  9807 | D:7      | Reached skill level 1 in Maces & Flails
  9807 | D:7      | Reached XP level 11. HP: 78/103 MP: 12/12
 10226 | D:9      | Reached *** piety under Qazlal
 10315 | D:9      | Got an ancient amber ring
 10317 | D:9      | Identified the ring "Uriujionn" {*Contam rF++ MR+ SInv
                  | Stlth+} (You found it on level 9 of the Dungeon)
 10344 | D:9      | Gained mutation: Your magical capacity is low. (-10% MP)
                  | [mutagenic glow]
 10772 | D:9      | Killed a deep elf mage
 10772 | D:9      | Reached skill level 5 in Maces & Flails
 10913 | D:9      | Found Godic's Assorted Antiques.
 11006 | D:9      | Gained mutation: You rapidly evolve. [evolution]
 11060 | D:10     | Noticed Urug
 11062 | D:10     | Found Cik Hug's Antique Weapon Emporium.
 11073 | D:10     | Killed Urug
 11233 | D:10     | Found Ohepootza's Antique Armour Shoppe.
 11327 | D:10     | Reached **** piety under Qazlal
 11419 | D:10     | Found Gimom's Antique Weapon Boutique.
 11427 | D:10     | Found Xariunn's Magic Scroll Emporium.
 11651 | D:11     | Noticed a cyclops
 11660 | D:11     | Killed a cyclops
 11858 | D:11     | Found a staircase to the Lair.
 12173 | D:11     | Lost mutation: You rapidly evolve. [decline of evolution]
 12768 | Lair:1   | Entered Level 1 of the Lair of Beasts
 12790 | Lair:1   | Reached XP level 12. HP: 101/113 MP: 12/12
 13862 | Lair:2   | Found a staircase to the Shoals.
 14002 | Lair:2   | Noticed a five-headed hydra
 14008 | Lair:2   | Killed a five-headed hydra
 14097 | Lair:2   | Found a shimmering altar of Xom.
 14149 | Lair:2   | Gained mutation: Your muscles are strong. (Str +2)
                  | [evolution]
 14402 | Lair:3   | Reached skill level 10 in Maces & Flails
 14406 | Lair:3   | Found a staircase to the Snake Pit.
 14508 | Lair:3   | Reached ***** piety under Qazlal
 14568 | Lair:3   | Reached skill level 10 in Fighting
 15394 | Lair:4   | Reached skill level 10 in Shields
 15483 | Lair:4   | Reached XP level 13. HP: 124/125 MP: 13/13
 15754 | Lair:4   | Got a faintly glowing hunting sling
 15755 | Lair:4   | Identified the +5 hunting sling "Mayrachi" {velocity,
                  | Int+4} (You found it on level 4 of the Lair of Beasts)
 16579 | Lair:5   | Found a frozen archway.
 16603 | IceCv    | Entered an ice cave
 16790 | IceCv    | Reached ****** piety under Qazlal
 16874 | IceCv    | Reached skill level 1 in Invocations
 16874 | IceCv    | Reached XP level 14. HP: 139/139 MP: 14/14
 16967 | IceCv    | Gained mutation: Your magical capacity is very low. (-20%
                  | MP) [evolution]
 17134 | IceCv    | Noticed a frost giant
 17150 | IceCv    | Killed a frost giant
 17216 | IceCv    | Got a crude lapis lazuli ring
 17219 | IceCv    | Identified the ring of the Many Dreams {+Blink rC+ Int+3
                  | Slay+2} (You found it in an ice cave)
 18049 | Lair:6   | Entered Level 6 of the Lair of Beasts
 18220 | Lair:6   | Gained mutation: You are agile. (Dex +2) [evolution]
 18645 | Lair:6   | Noticed Kirke
 18902 | Lair:6   | Noticed a sphinx
 19011 | Lair:6   | Noticed a sphinx
 19033 | Lair:6   | Noticed a sphinx
 19035 | Lair:6   | Killed Kirke
 19145 | Lair:6   | Reached skill level 5 in Invocations
 19213 | Lair:6   | Found a staircase to the Slime Pits.
 19456 | Lair:6   | Got a bound jade ring
 19460 | Lair:6   | Identified the ring of Yjogeg {Str+4 Int+3} (You found it
                  | on level 6 of the Lair of Beasts)
 19467 | Lair:6   | Got a scorched hand axe
 19469 | Lair:6   | Identified the +1 hand axe "Siaru" {chop, *Drain +Rage +Fly
                  | rN+++} (You found it on level 6 of the Lair of Beasts)
 20266 | D:12     | Reached XP level 15. HP: 146/151 MP: 15/15
 20328 | D:12     | Found Hiux's Weapon Boutique.
 20337 | D:12     | Noticed Maurice
 20351 | D:12     | Killed Maurice
 20535 | D:12     | Found Lourch's Assorted Antiques.
 20657 | D:12     | Gained mutation: You passively map a small area around you.
                  | [evolution]
 20657 | D:12     | Lost mutation: You evolve. [end of evolution]
 20890 | D:13     | Found a labyrinth entrance.
 20895 | Lab      | Entered a labyrinth
 21086 | Lab      | Got a flickering sapphire amulet
 21137 | Lab      | Identified the amulet of the Magpie {RegenMP rPois Str+4
                  | Int+5 Stlth-} (You took it off a minotaur in a labyrinth)
 21525 | D:13     | Reached skill level 15 in Maces & Flails
 22257 | D:14     | Noticed Nessos
 22274 | D:14     | Killed Nessos
 22274 | D:14     | Reached skill level 15 in Fighting
 22435 | D:14     | Found a gate to the Vaults.
 22926 | D:15     | Entered Level 15 of the Dungeon
 23185 | D:15     | Noticed Agnes
 23190 | D:15     | Reached XP level 16. HP: 152/163 MP: 17/17
 23202 | D:15     | Killed Agnes
 23416 | D:15     | Identified a +0 pair of boots of running (You found it on
                  | level 15 of the Dungeon)
 23813 | D:15     | Found a staircase to the Depths.
 24174 | Orc:1    | Entered Level 1 of the Orcish Mines
 24174 | Orc:1    | Found Ynuawn's Weapon Boutique.
 24183 | Orc:1    | Noticed Harold
 24192 | Orc:1    | Killed Harold
 24496 | Orc:1    | Noticed Nergalle
 24502 | Orc:1    | Killed Nergalle
 24794 | Orc:2    | Entered Level 2 of the Orcish Mines
 24834 | Orc:2    | Found a staircase to the Elven Halls.
 26142 | Orc:2    | Found Esoawuf's Distillery.
 26142 | Orc:2    | Found Nuanoa Yreps's General Store.
 26151 | Orc:2    | Found Fakk's Antique Weapon Shoppe.
 26151 | Orc:2    | Found Jarhiub's Jewellery Boutique.
 26162 | Orc:2    | Bought a potion of heal wounds for 65 gold pieces
 26320 | Shoals:1 | Entered Level 1 of the Shoals
 26823 | Shoals:1 | Found Vusuuw's Weapon Emporium.
 26880 | Shoals:1 | Found Gismiyse's Assorted Antiques.
 26894 | Shoals:1 | Found Vintatuf's Jewellery Shoppe.
 26899 | Shoals:1 | Bought a steaming zirconium amulet for 145 gold pieces
 26899 | Shoals:1 | Identified the amulet "Lufec" {RegenMP rF+ Int+4 Dex+2}
                  | (You bought it in a shop on level 1 of the Shoals)
 27623 | Shoals:2 | Reached skill level 15 in Shields
 27741 | Shoals:2 | Reached XP level 17. HP: 65/174 MP: 19/19
 28033 | Shoals:2 | Reached skill level 10 in Invocations
 29229 | Shoals:4 | Entered Level 4 of the Shoals
 29279 | Shoals:4 | HP: 6/176 [alligator snapping turtle (33)]
 29279 | Shoals:4 | HP: 1/176 [wind drake (5)]
 29280 | Shoals:4 | Slain by a merfolk

Skill      XL: |  1  2  3  4  5  6  7  8  9 10 11 12 13 14 15 16 17 |
---------------+----------------------------------------------------+-----
Axes           | 3 4 5 6 7 9 11 12 | 12.7
Fighting       | 4 5 6 7 8 10 12 14 15 16 | 16.8
Armour         | 4 5 6 7 8 9 |  9.3
Shields        | 4 5 6 8 10 11 12 13 15 | 15.9
Throwing       | 1 2 3 4 5 6 7 |  7.6
Evocations     | 1 2 |  2.1
Maces & Flails | 1 8 11 13 14 15 16 | 16.5
Invocations    | 1 5 7 9 10 | 10.7
Unarmed Combat | |  0.3

Action                   |  1- 3 |  4- 6 |  7- 9 | 10-12 | 13-15 | 16-18 || total
-------------------------+-------+-------+-------+-------+-------+-------++-------
Melee: War axe           |   132 |   117 |   276 |   244 |       |       ||   769
       Unarmed           |       |     2 |       |       |       |       ||     2
       Morningstar       |       |       |       |   446 |  1122 |   627 ||  2195
Throw: Throwing net      |       |       |     1 |       |       |       ||     1
Invok: Disaster Area     |       |       |       |       |       |     1 ||     1
 Abil: Evoke Blink       |       |       |       |       |       |     1 ||     1
Evoke: Wand              |       |       |     5 |    18 |     2 |     1 ||    26
  Use: Scroll            |     3 |     3 |     5 |    13 |    18 |     7 ||    49
       Potion            |       |     1 |     5 |     5 |     5 |     6 ||    22
 Stab: Confused          |       |     1 |       |       |       |       ||     1
       Held in net/web   |       |       |       |       |       |     1 ||     1
  Eat: Chunk             |     1 |     4 |    11 |    23 |    17 |    16 ||    72
       Ration            |       |     1 |     1 |       |     3 |     1 ||     6
Armor: Scale mail        |    10 |       |       |       |       |       ||    10
       Ring mail         |    63 |    40 |    85 |   196 |   193 |   191 ||   768
       Skin              |       |     1 |       |       |       |       ||     1
Dodge: Dodged            |    37 |    39 |    53 |   146 |   156 |   121 ||   552
       Deflected         |       |       |       |     1 |     9 |    14 ||    24
Block: Shield            |    68 |    59 |   114 |   590 |   943 |   695 ||  2469
       Reflection        |       |       |     3 |    10 |    37 |    69 ||   119
